 Dungeon Crawl Stone Soup version 0.29-a0-575-g0dc89cf053 (webtiles) character file.

Game seed: 15930647335274693687

1350 spaghetti the Stinger (level 8, -9/87 HPs)
             Began as a Gnoll Venom Mage on June 12, 2022.
             Mangled by a shadow (27 damage)
             ... on level 6 of the Dungeon.
             The game lasted 00:09:35 (8047 turns).

spaghetti the Stinger (Gnoll Venom Mage)            Turns: 8047, Time: 00:09:36

Health: -9/87      AC:  7    Str:  8    XL:     8   Next: 63%
Magic:  17/17      EV: 14    Int: 21    God:
Gold:   1096       SH:  0    Dex: 12    Spells: 12/19 levels left

rFire   . . .      SeeInvis .   v - +0 whip (holy) {mace}
rCold   . . .      Faith    .   (no shield)
rNeg    . . .      Spirit   .   u - +2 robe of Spite {Int+4}
rPois   .          Reflect  .   (no helmet)
rElec   .          Harm     .   (no cloak)
rCorr   .          Rampage  .   J - +1 pair of gloves
Will    .....                   B - +0 pair of boots
Stlth   ..........              (no amulet)
HPRegen 0.24/turn               (no ring)
MPRegen 0.15/turn               (no ring)

@: berserking, flying, very quick
A: fangs 1, strong nose, distributed training
a: no special abilities


You were on level 6 of the Dungeon.
You visited 1 branch of the dungeon, and saw 6 of its levels.

You collected 1096 gold pieces.


Innate Abilities, Weirdness & Mutations

You have very sharp teeth.
Your uncanny sense of smell can sniff out nearby items.
Your experience applies equally to all skills.


   Skills:
 + Level 3.4 Fighting
 + Level 3.4 Short Blades
 + Level 3.4 Long Blades
 + Level 3.4 Axes
 + Level 3.4 Maces & Flails
 + Level 3.4 Polearms
 + Level 3.4 Staves
 + Level 3.4 Slings
 + Level 3.4 Bows
 + Level 3.4 Crossbows
 + Level 3.4 Throwing
 + Level 3.4 Armour
 + Level 5.8 Dodging
 + Level 5.4 Stealth
 + Level 3.4 Shields
 + Level 3.4 Unarmed Combat
 + Level 6.1 Spellcasting
 + Level 2.8 Conjurations
 + Level 2.8 Hexes
 + Level 2.8 Summonings
 + Level 2.8 Necromancy
 + Level 2.8 Translocations
 + Level 3.6 Transmutations
 + Level 2.8 Fire Magic
 + Level 2.8 Ice Magic
 + Level 2.8 Air Magic
 + Level 2.8 Earth Magic
 + Level 6.2 Poison Magic
 + Level 3.8 Invocations
 + Level 3.4 Evocations


You had 12 spell levels left.
You knew the following spells:

 Your Spells              Type           Power      Damage    Failure   Level
a - Sting                 Tmut/Pois      100%       1d8       1%          1
b - Poisonous Vapours     Pois/Air       50%        N/A       2%          2
c - Olgreb's Toxic Radia  Pois           32%        N/A       8%          4

Your spell library contained the following spells:

 Spells                   Type           Power      Damage    Failure   Level
 Sandblast                Erth           36%        2d10      3%          1
 Passwall                 Tmut/Erth      15%        N/A       3%          2
 Mephitic Cloud           Conj/Pois/Air  23%        N/A       6%          3
 Gell's Gravitas          Tloc           18%        N/A       9%          3
 Lesser Beckoning         Tloc           18%        N/A       9%          3
 Stone Arrow              Conj/Erth      36%        3d9       9%          3
 Teleport Other           Tloc           18%        N/A       9%          3

Inventory:

Hand Weapons
 b - a +0 club {mace}
   (You took it off a goblin on level 1 of the Dungeon)
 e - a +0 dagger {short}
   (You took it off a goblin on level 1 of the Dungeon)
 f - a +0 dagger {short}
   (You took it off a kobold on level 1 of the Dungeon)
 v - a +0 whip of holy wrath (weapon) {mace}
   (You took it off a kobold on level 3 of the Dungeon)
 x - a +1 vampiric whip {mace}
   (You took it off an orc on level 3 of the Dungeon)
Missiles
 p - 136 stones {throwing}
 y - 3 boomerangs {throwing}
 A - 6 curare-tipped darts {=fthrowing}
Armour
 u - the +2 robe of Spite (worn) {Int+4}
   (You found it on level 2 of the Dungeon)

   Int:       It affects your intelligence (+4).
 B - a +0 pair of boots (worn)
   (You found it on level 4 of the Dungeon)
 J - a +1 pair of gloves (worn)
   (You found it on level 6 of the Dungeon)
Magical Staves
 r - a staff of fire {!astaff}
   (You found it on level 2 of the Dungeon)
Wands
 s - a wand of digging (4)
   (You found it on level 2 of the Dungeon)
 w - a wand of paralysis (23)
   (You found it on level 3 of the Dungeon)
Scrolls
 c - 2 scrolls of brand weapon
 d - 5 scrolls of teleportation {@r4}
 g - 3 scrolls of identify {unknown}
 h - 2 scrolls of vulnerability {unknown}
 i - a scroll of fog {unknown}
 k - a scroll of poison {unknown}
 E - a scroll of silence {unknown}
 F - a scroll of amnesia {unknown}
 G - a scroll of torment {unknown}
 H - a scroll of immolation {unknown}
 I - a scroll of enchant armour {unknown}
Potions
 j - 4 potions of attraction {!q}
 l - 2 potions of might
 m - 4 potions of curing {@q1}
 n - a potion of flight
 o - a potion of berserk rage {!q}
 q - 3 potions of lignification {unknown}
 t - a potion of degeneration {unknown}
 z - 2 potions of cancellation {unknown}
 C - 2 potions of haste {unknown}
 D - a potion of invisibility {unknown}

Dungeon Overview and Level Annotations

Branches:
Dungeon (6/15)
 Temple: D:4-7

Altars:
Ashenzari
Gozag
Kikubaaqudgha
Okawaru
The Shining One

Shops:
D:2 *

Annotations:
D:3 3 runed translucent doors, DamienQuinn's ghost, amateur MiAK
D:4 1 runed translucent door, Crazy Yiuf

## #.# #.# #.# #.#
#.######### #
#########.##......##.#
.......##.##... ...#
######.##.##.####..###
#..........@{...#
##......####..#.# ##
##...#.# ..... .#
##.##... ..#.## .#
#.##......## # .#
#.######### .# #+# .#
.#


There were no monsters in sight!


Message History

You kill the kobold brigand!
A - 6 curare-tipped darts {=fthrowing} (gained 1)
There is an open door here.
Things that are here:
a +0 club {mace}; a +0 short sword of holy wrath {short} 😮 HP[+1] MP[+1]
You see here a +1 dagger of draining {short}.
Key pressed, stopping explore.
Key pressed, stopping explore.
Things that are here:
a +0 club {mace}; a kobold corpse; 😎 HP[+17] MP[+6]
Your hp is fully restored (58).
Your mp is fully restored (17).
Things that are here:
a +0 dagger {short}; a kobold corpse
p - 136 stones {throwing} (gained 3)
You see here a +0 dagger {short}.
You now have 1080 gold pieces (gained 16).
m - 5 bubbling inky potions (gained 1) Key pressed, stopping explore.
You now have 1096 gold pieces (gained 16).
A shadow comes into view.
The helpless shadow fails to defend itself.
You hit the shadow but do no damage. Your punch misses the shadow.
The shadow closely misses you.
You hit the shadow but do no damage. You bite the shadow, but do no damage.
The shadow barely misses you.
You hit the shadow but do no damage.
The shadow slips into darkness.
The shadow flickers and vanishes!
Deactivating autopickup; reactivate with Ctrl-A.
No target in view!
No target in view!
No target in view!
No target in view!
No target in view!
No target in view!
No target in view!
No target in view!
No target in view!
No target in view!
No target in view!
No target in view!
No target in view!
No target in view!
No target in view!
No target in view!
No target in view!
No target in view!
No target in view!
You closely miss something.
The shadow strikes at you from the darkness!
Reactivating autopickup. 😮 HP[-25]
You take 25 damage, and now have 33/58 hp.
MASSIVE DAMAGE!! (PAUSE)
You barely miss the shadow. The shadow hits you.
* * * LOW HITPOINT WARNING * * *
😨 HP[-4]
You take 4 damage, and now have 29/58 hp.
You hit the shadow.
The shadow convulses.
The shadow barely misses you.
You hit the shadow.
The shadow convulses.
The shadow hits you.
* * * LOW HITPOINT WARNING * * *
You closely miss the shadow. You bite the shadow, but do no damage.
The shadow barely misses you.
You hit the shadow but do no damage. The shadow hits you!
* * * LOW HITPOINT WARNING * * *
😨 HP[-7]
You take 7 damage, and now have 22/58 hp.
You hit the shadow but do no damage. The shadow hits you.
* * * LOW HITPOINT WARNING * * *
😨 HP[-6]
You take 6 damage, and now have 16/58 hp.
Aiming: Paralyse
Press: ? - help, Shift-Dir - straight line, f - shadow
Aim: a shadow (heavily damaged, chance to affect: 40%)
The shadow resists with some effort.
The shadow hits you!
* * * LOW HITPOINT WARNING * * *
😱 HP[-8]
You take 8 damage, and now have 8/58 hp.
Aiming: Paralyse
Press: ? - help, Shift-Dir - straight line, f/p - shadow
Aim: a shadow (heavily damaged, chance to affect: 40%)
The shadow resists with some effort.
The shadow hits you.
* * * LOW HITPOINT WARNING * * *
😱 HP[-6]
You take 6 damage, and now have 2/58 hp.
It was a potion of curing.
You feel better.
The shadow closely misses you. 😱 HP[+10]
You regained 10 hp, and now have 12/58 hp.
It was a potion of flight.
You feel very buoyant.
You fly up into the air.
The shadow slips into darkness.
The shadow flickers and vanishes!
Deactivating autopickup; reactivate with Ctrl-A.
It was a potion of berserk rage.
A red film seems to cover your vision as you go berserk!
You feel yourself moving faster!
You feel mighty!
The shadow strikes at you from the darkness!
You die...

Skill      XL: |  1  2  3  4  5  6  7  8 |
---------------+-------------------------+-----
Transmutations | 2 3 |  3.6
Spellcasting   | 5 6 |  6.1
Invocations    | 1 2 3 |  3.8
Fighting       | 1 2 3 |  3.4
Short Blades   | 1 2 3 |  3.4
Long Blades    | 1 2 3 |  3.4
Axes           | 1 2 3 |  3.4
Maces & Flails | 1 2 3 |  3.4
Polearms       | 1 2 3 |  3.4
Staves         | 1 2 3 |  3.4
Slings         | 1 2 3 |  3.4
Bows           | 1 2 3 |  3.4
Crossbows      | 1 2 3 |  3.4
Throwing       | 1 2 3 |  3.4
Armour         | 1 2 3 |  3.4
Shields        | 1 2 3 |  3.4
Unarmed Combat | 1 2 3 |  3.4
Evocations     | 1 2 3 |  3.4
Conjurations   | 1 2 |  2.8
Hexes          | 1 2 |  2.8
Summonings     | 1 2 |  2.8
Necromancy     | 1 2 |  2.8
Translocations | 1 2 |  2.8
Fire Magic     | 1 2 |  2.8
Ice Magic      | 1 2 |  2.8
Air Magic      | 1 2 |  2.8
Earth Magic    | 1 2 |  2.8
Dodging        | 5 |  5.8
Stealth        | 5 |  5.4
Poison Magic   | 6 |  6.2

Action                   |  1- 3 |  4- 6 |  7- 9 || total
-------------------------+-------+-------+-------++-------
Melee: Dagger            |    13 |    52 |       ||    65
       Bite              |     1 |     6 |    17 ||    24
       Staff             |       |    45 |    38 ||    83
       Punch             |       |     1 |     5 ||     6
       Whip              |       |       |    90 ||    90
 Cast: Sting             |    44 |    47 |    66 ||   157
       Poisonous Vapours |    47 |     7 |     4 ||    58
       Olgreb's Toxic Ra |       |     4 |    10 ||    14
Evoke: Wand              |       |       |     6 ||     6
  Use: Potion            |     1 |     3 |     3 ||     7
       Scroll            |       |       |     3 ||     3
 Stab: Sleeping          |       |     2 |     3 ||     5
       Paralysed         |       |       |    10 ||    10
Armor: Robe              |     4 |    66 |    44 ||   114
Dodge: Dodged            |    23 |   171 |   100 ||   294

Levels and vault maps discovered:
D:1:      nzn_arrival_settlement, layout_loops_ring, basic_ecumenical_altar
D:2:      layout_basic, serial_shops, shop
D:3:      layout_basic, kennysheep_vampire_church, amcnicky_altar_gilded,
          ebering_ghost_rock_garden, serial_co_window_serial, co_window_paths_b,
          co_window_of_opportunity_a, co_window_paths_a, co_window_paths_a,
          co_window_of_opportunity_a, co_window_of_opportunity_a,
          co_window_paths_b, co_window_2corner, co_window_corner_b,
          co_window_corner_cb, co_window_corner_cb, co_window_broadway_b,
          co_window_paths_d, glass_columns_b
D:4:      layout_cave_pools, overflow_temple_1_default,
          kennysheep_generic_room_3, uniq_crazy_yiuf_cottage
D:5:      layout_rooms, serial_curves, eino_curves_01, eino_curves_02,
          kennysheep_another_room, uniq_blork_the_orc, uniq_ijyb
D:6:      layout_loops_corners, nicolae_overflow_hidden_temple,
          kennysheep_little_box, okawaru_ov_weapons_minmay,
          nicolae_overflow_crystal_walls, minmay_temple_entry_grid

Notes
Turn   | Place    | Note
-------+----------+-------------------------------------------
     0 | D:1      | spaghetti the Gnoll Venom Mage began the quest for the Orb.
     0 | D:1      | Reached XP level 1. HP: 13/13 MP: 6/6
     0 | D:1      | magus.rc [v1.9.6]
    39 | D:1      | Reached skill level 2 in Transmutations
   261 | D:1      | Reached XP level 2. HP: 19/19 MP: 5/7
   349 | D:1      | Learned a level 2 spell: Poisonous Vapours
   677 | D:1      | Reached XP level 3. HP: 25/25 MP: 6/9
   772 | D:1      | Reached skill level 5 in Spellcasting
   998 | D:1      | Found a faded altar of an unknown god.
  1436 | D:2      | Reached skill level 1 in Invocations
  2279 | D:2      | Reached skill level 1 in Fighting
  2279 | D:2      | Reached skill level 1 in Short Blades
  2279 | D:2      | Reached skill level 1 in Long Blades
  2279 | D:2      | Reached skill level 1 in Axes
  2279 | D:2      | Reached skill level 1 in Maces & Flails
  2279 | D:2      | Reached skill level 1 in Polearms
  2279 | D:2      | Reached skill level 1 in Staves
  2279 | D:2      | Reached skill level 1 in Slings
  2279 | D:2      | Reached skill level 1 in Bows
  2279 | D:2      | Reached skill level 1 in Crossbows
  2279 | D:2      | Reached skill level 1 in Throwing
  2279 | D:2      | Reached skill level 1 in Armour
  2279 | D:2      | Reached skill level 1 in Shields
  2279 | D:2      | Reached skill level 1 in Unarmed Combat
  2279 | D:2      | Reached skill level 1 in Evocations
  2354 | D:2      | Found Lianiamm's Assorted Antiques.
  2379 | D:2      | Identified the +2 robe of Spite {Int+4}
  2580 | D:2      | Reached XP level 4. HP: 22/32 MP: 6/11
  2730 | D:3      | HP: 6/32 [orc/+0 war axe (5)]
  2733 | D:2      | Reached skill level 1 in Conjurations
  2733 | D:2      | Reached skill level 1 in Hexes
  2733 | D:2      | Reached skill level 1 in Summonings
  2733 | D:2      | Reached skill level 1 in Necromancy
  2733 | D:2      | Reached skill level 1 in Translocations
  2733 | D:2      | Reached skill level 1 in Fire Magic
  2733 | D:2      | Reached skill level 1 in Ice Magic
  2733 | D:2      | Reached skill level 1 in Air Magic
  2733 | D:2      | Reached skill level 1 in Earth Magic
  2992 | D:2      | Learned a level 4 spell: Olgreb's Toxic Radiance
  2999 | D:3      | Reached XP level 5. HP: 36/37 MP: 2/12
  3085 | D:3      | Found an opulent altar of Gozag.
  3216 | D:3      | Noticed a black bear
  3225 | D:3      | Killed a black bear
  3480 | D:3      | Reached XP level 6. HP: 43/44 MP: 13/13
  3487 | D:3      | Found an ancient bone altar of Kikubaaqudgha.
  3491 | D:3      | Reached skill level 2 in Invocations
  3544 | D:3      | HP: 11/44 [vampire bat (1)]
  3552 | D:3      | Reached skill level 5 in Dodging
  3875 | D:3      | Reached skill level 2 in Fighting
  3875 | D:3      | Reached skill level 2 in Short Blades
  3875 | D:3      | Reached skill level 2 in Long Blades
  3875 | D:3      | Reached skill level 2 in Axes
  3875 | D:3      | Reached skill level 2 in Maces & Flails
  3875 | D:3      | Reached skill level 2 in Polearms
  3875 | D:3      | Reached skill level 2 in Staves
  3875 | D:3      | Reached skill level 2 in Slings
  3875 | D:3      | Reached skill level 2 in Bows
  3875 | D:3      | Reached skill level 2 in Crossbows
  3875 | D:3      | Reached skill level 2 in Throwing
  3875 | D:3      | Reached skill level 2 in Armour
  3875 | D:3      | Reached skill level 2 in Shields
  3875 | D:3      | Reached skill level 2 in Unarmed Combat
  3875 | D:3      | Reached skill level 2 in Evocations
  4523 | D:3      | Found a runed translucent gate.
  4523 | D:3      | Found a runed translucent gate.
  4523 | D:3      | Found a runed translucent gate.
  4535 | D:3      | Noticed DamienQuinn's ghost (amateur MiAK)
  4779 | D:4      | Reached XP level 7. HP: 50/50 MP: 3/15
  4954 | D:4      | Reached skill level 2 in Conjurations
  4954 | D:4      | Reached skill level 2 in Hexes
  4954 | D:4      | Reached skill level 2 in Summonings
  4954 | D:4      | Reached skill level 2 in Necromancy
  4954 | D:4      | Reached skill level 2 in Translocations
  4954 | D:4      | Reached skill level 2 in Fire Magic
  4954 | D:4      | Reached skill level 2 in Ice Magic
  4954 | D:4      | Reached skill level 2 in Air Magic
  4954 | D:4      | Reached skill level 2 in Earth Magic
  5030 | D:4      | Reached skill level 3 in Transmutations
  5483 | D:4      | Identified a scroll of acquirement
  5483 | D:4      | Acquired 630 gold pieces
  5534 | D:4      | Reached skill level 5 in Stealth
  5633 | D:4      | You pick up a book of Displacement and begin reading...
  5633 | D:4      | You add the spells Lesser Beckoning, Gell's Gravitas and
                  | Teleport Other to your library.
  5655 | D:4      | Found a broken altar of Ashenzari.
  5829 | D:4      | Found a runed translucent door.
  5830 | D:4      | Noticed Crazy Yiuf
  5853 | D:5      | Entered Level 5 of the Dungeon
  6024 | D:5      | Reached skill level 3 in Invocations
  6080 | D:5      | Noticed Blork the orc
  6086 | D:5      | Killed Blork the orc
  6405 | D:5      | Noticed Ijyb
  6414 | D:5      | Killed Ijyb
  6559 | D:5      | Reached skill level 6 in Poison Magic
  6786 | D:5      | Reached XP level 8. HP: 57/57 MP: 16/16
  6977 | D:6      | Found an iron altar of Okawaru.
  7110 | D:6      | Reached skill level 3 in Fighting
  7110 | D:6      | Reached skill level 3 in Short Blades
  7110 | D:6      | Reached skill level 3 in Long Blades
  7110 | D:6      | Reached skill level 3 in Axes
  7110 | D:6      | Reached skill level 3 in Maces & Flails
  7110 | D:6      | Reached skill level 3 in Polearms
  7110 | D:6      | Reached skill level 3 in Staves
  7110 | D:6      | Reached skill level 3 in Slings
  7110 | D:6      | Reached skill level 3 in Bows
  7110 | D:6      | Reached skill level 3 in Crossbows
  7110 | D:6      | Reached skill level 3 in Throwing
  7110 | D:6      | Reached skill level 3 in Armour
  7110 | D:6      | Reached skill level 3 in Shields
  7110 | D:6      | Reached skill level 3 in Unarmed Combat
  7110 | D:6      | Reached skill level 3 in Evocations
  7519 | D:6      | Reached skill level 6 in Spellcasting
  7813 | D:6      | Found a glowing golden altar of the Shining One.
  7818 | D:6      | You pick up a book of Geomancy and begin reading...
  7818 | D:6      | You add the spells Sandblast, Passwall and Stone Arrow to
                  | your library.
  8026 | D:6      | Noticed a shadow
  8043 | D:6      | HP: 8/58 [shadow (8)]
  8044 | D:6      | HP: 2/58 [shadow (6)]
  8047 | D:6      | Mangled by a shadow

Vanquished Creatures
  A water moccasin (D:6)
  An ice beast (D:6)
  A sky beast (D:6)
  A black bear (D:3)
  An ogre (D:4)
  A phantom (D:4)
  A kobold brigand (D:6)
  Blork the orc (D:5)
  A bullfrog (D:6)
  A necrophage (D:6)
  2 scorpions
  2 vampire bats (D:3)
  An orc priest (D:3)
  A jelly (D:4)
  Ijyb (D:5)
  4 iguanas
  An orc wizard (D:3)
  A gnoll (D:1)
  3 adders
  A white imp (D:5)
  An ufetubus (D:4)
  2 dart slugs
  9 orcs
  8 ball pythons
  3 bats
  3 bat skeletons (D:3)
  4 bat zombies (D:3)
  8 endoplasms
  2 giant cockroaches
  4 hobgoblins
  2 jackals (D:4)
  6 quokkas
  A frilled lizard (D:2)
  6 goblins
  13 kobolds
  4 rats
103 creatures vanquished.

Table legend:
 A = Non-vault XP
 B = Vault XP
 C = Vault XP percentage of total XP
 D = Non-vault monster count
 E = Vault monster count
 F = Vault count percentage of total count
                 A         B        C        D         E       F
            +---------+---------+-------+---------+---------+-------
      Total |    1669 |     260 |  13.5 |      91 |      12 |  11.7
            +---------+---------+-------+---------+---------+-------
        D:1 |      45 |       0 |   0.0 |      18 |       0 |   0.0
        D:2 |      47 |       0 |   0.0 |      19 |       0 |   0.0
        D:3 |     274 |     123 |  31.0 |      19 |       9 |  32.1
        D:4 |     469 |       2 |   0.4 |      18 |       1 |   5.3
        D:5 |     106 |     135 |  56.0 |       4 |       2 |  33.3
        D:6 |     728 |       0 |   0.0 |      13 |       0 |   0.0
            +---------+---------+-------+---------+---------+-------

Illustrated notes

Table legend:
 A = Kills in this place as a percentage of kills in entire the game.
 B = Kills by you in this place as a percentage of kills by you in the entire game.
 C = Kills by friends in this place as a percentage of kills by friends in the entire game.
 D = Other kills in this place as a percentage of other kills in the entire game.
 E = Experience gained in this place as a percentage of experience gained in the entire game.
 F = Experience gained in this place divided by the number of levels of this place that you have seen.
                   A       B       C       D       E      F
               +-------+-------+-------+-------+-------+----------------------
         Total | 100.0 | 100.0 |   N/A |   N/A | 100.0 | 321.5
       Dungeon | 100.0 | 100.0 |   N/A |   N/A | 100.0 | 321.5
               +-------+-------+-------+-------+-------+----------------------

Table legend: (Time is in decaauts)
 A = Elapsed time spent in this place.
 B = Non-inter-level travel time spent in this place.
 C = Inter-level travel time spent in this place.
 D = Time resting spent in this place.
 E = Time spent auto-exploring this place.
 F = Levels seen in this place.
 G = Mean time per level.
                   A        B        C        D        E       F      G
               +--------+--------+--------+--------+--------+-----+--------+
         Total |   8048 |   7876 |    172 |    596 |   6368 |   6 | 1341.3 |
       Dungeon |   8048 |   7876 |    172 |    596 |   6368 |   6 | 1341.3 |
               +--------+--------+--------+--------+--------+-----+--------+

Top non-repeatable levels by time:
     D:2: 1885 daAuts
     D:3: 1808 daAuts
     D:6: 1158 daAuts
     D:1: 1146 daAuts
     D:5: 1030 daAuts
     D:4: 1018 daAuts
